AoeStats
← godhands_1987

Arabia

510419957Analyzed
1v1 RM · 3d ago on Sep 30, 2026· 20m 9s· 2 players
Game mode
Random Map
Map size
Tiny (2 player)
Population
200
Speed
Normal
Resources
Standard
Victory
Conquest
Starting age
Dark Age
Ending age
Imperial Age
RankedLock teamsTeams togetherTeam positionsShared explorationLock speedFull tech treeHidden civsTurbo modeCheats
Victory
Defeat
🇦🇷 Cumans · Argentina
845
+15
🇨🇴 Romans · Colombia
823
-15
godhands_1987
10:54 Feudal Age
11:40 Horse Collar
11:48 Double-Bit Axe
12:51 Loom
13:42 Man-at-Arms
vinualec
6:17 Loom
10:58 Feudal Age
12:11 Double-Bit Axe
12:48 Fletching
Connection lost

Rejoining the realm…

Still unreachable

The connection could not be restored.

Session expired

The server has moved on; the page needs a fresh start.